 Dungeon Crawl Stone Soup version 0.19.1 (webtiles) character file.

20439 LustyBreadMan the Martial Artist (level 12, -2/97 HPs)
             Began as a Demonspawn Transmuter on Nov 25, 2016.
             Was an Initiate of Gozag.
             Slain by a redback (9 damage)
             ... on level 2 of the Lair of Beasts.
             The game lasted 00:50:32 (17007 turns).

LustyBreadMan the Martial Artist (DsTm)            Turns: 17007, Time: 00:50:33

Health: -2/97      AC: 14    Str: 13    XL:     12   Next: 45%
Magic:  23/25      EV:  6    Int: 16    God:    Gozag
Gold:   1734       SH:  0    Dex: 15    Spells: 4 memorised, 18 levels left

rFire  . . .     SeeInvis +       - Unarmed
rCold  . . .     Gourm    .     F - +3 ring mail {rPois}
rNeg   . . .     Faith    .     (no shield)
rPois  +         Spirit   .     (no helmet)
rElec  .         Reflect  +     v - +0 cloak
rCorr  .         Harm     .     h - +0 pair of gloves
MR     .....                    (no boots)
Stlth  ++........               A - +4 amulet of reflection
                                L - ring of stealth
                                W - ring of see invisible

@: lethally poisoned (-2 -> -39), about to teleport, appendage, held
A: horns 2, talons 1, iridescent scales 2, powered by death 1, slow regeneration
2, spiny 1, wild magic 1
a: End Transformation, Potion Petition, Call Merchant, Bribe Branch, Renounce
Religion


You were on level 2 of the Lair of Beasts.
You worshipped Gozag.
Gozag was most pleased with you.
You were not hungry.
You had grown temporary horns.
You visited 2 branches of the dungeon, and saw 13 of its levels.
You also visited: Labyrinth and Ossuary.

You collected 3418 gold pieces.
You spent 276 gold pieces at shops.
You paid 1408 gold pieces to Gozag.

Inventory:

Missiles
 a - 64 arrows
 g - 8 curare-tipped needles
 E - a throwing net (quivered)
Armour
 h - a +0 pair of gloves (worn)
 v - a +0 cloak (worn)
 F - a +3 ring mail of poison resistance (worn)
Rods
 K - a +6 rod of clouds (9/9)
   (You found it in a labyrinth)
Jewellery
 k - an uncursed amulet of regeneration
 A - a +4 amulet of reflection (around neck)
 H - an uncursed amulet of rage
 L - a ring of stealth (right hand)
 M - an uncursed ring of flight
 W - a ring of see invisible (left hand)
Wands
 b - a wand of heal wounds (2/9)
 n - a wand of lightning (6/15)
 q - a wand of random effects (29/48)
 s - a wand of paralysis (5/24)
 t - a wand of confusion (11/48)
 u - a wand of heal wounds (2/9)
 w - a wand of disintegration (11/24)
 y - a wand of acid (9/15)
 z - a wand of iceblast (12/15)
 G - a wand of flame (27/48)
 O - a wand of confusion (22/48)
 Q - a wand of lightning (7/15)
 R - a wand of flame (24/48)
 T - a wand of flame (24/48)
Scrolls
 i - a scroll of teleportation
 l - 2 scrolls of immolation
 m - 8 scrolls of enchant armour
 p - 8 scrolls of remove curse
 x - 11 scrolls of identify
 C - 2 scrolls of amnesia
 D - a scroll of magic mapping
 P - 2 scrolls of enchant weapon
 V - a scroll of fog
Potions
 e - 3 potions of brilliance
 B - 2 potions of cancellation
 J - a potion of flight
 N - 2 potions of magic
 U - a potion of ambrosia
Books
 c - a book of Changes

   Spells                             Type                      Level
   a - Beastly Appendage              Transmutation                1
   b - Sticks to Snakes               Transmutation                2
   c - Spider Form                    Transmutation/Poison         3
   d - Ice Form                       Ice/Transmutation            4
   e - Blade Hands                    Transmutation                5
Comestibles
 d - a bread ration
 j - 19 fruits
 o - 9 slices of pizza
 r - 17 royal jellies
 I - a beef jerky
 S - 2 meat rations


   Skills:
 - Level 9.6 Fighting
 - Level 1.7 Dodging
 - Level 11.1 Unarmed Combat
 - Level 9.0 Spellcasting
 + Level 8.0 Transmutations
 - Level 7.0 Evocations


You had 18 spell levels left.
You knew the following spells:

 Your Spells              Type           Power        Failure   Level  Hunger
a - Beastly Appendage     Tmut           #####.       1%          1    None
b - Sticks to Snakes      Tmut           #####...     2%          2    None
c - Spider Form           Tmut/Pois      ####......   21%         3    #......
d - Blade Hands           Tmut           #####.....   32%         5    #####..


Dungeon Overview and Level Annotations

Branches:
Dungeon (11/15)            Temple (0/1) D:4            Lair (2/6) D:11
    Orc (0/2) D:10
  Swamp: Lair:2-4    Shoals: Lair:2-4     Snake: Lair:2-4    Spider: Lair:2-4

Altars:
Ashenzari
Dithmenos
Elyvilon
Gozag
Qazlal
Trog
The Shining One
Beogh

Shops:
D:10 [=


Innate Abilities, Weirdness & Mutations

You have sharp toenails.
You are mostly covered in iridescent scales. (AC +4)
You regenerate a little health from kills.
You are partially covered in sharp spines.
You have a pair of horns on your head.
You do not regenerate when monsters are visible.
Your spells are a little harder to cast, but a little more powerful.


Message History

The jumping spider bites you but does no damage.
Your adder misses the jumping spider. The redback bites you.
* * * LOW HITPOINT WARNING * * *
The jumping spider leaps!
As you read the scroll of teleportation, it crumbles to dust.
You feel strangely unstable.
* * * LOW HITPOINT WARNING * * *
You feel very sick.
The jumping spider leaps!
The redback is struck by your spines.
The redback bites you but does no damage.
Your adder bites the jumping spider but does no damage.
The jumping spider pounces on you.
* * * LOW HITPOINT WARNING * * *
The jumping spider bites you.
* * * LOW HITPOINT WARNING * * *
The redback is struck by your spines. The redback barely misses you.
Your adder closely misses the jumping spider.
The redback is struck by your spines. The redback bites you!
You die...
Your body crumbles into a pile of gold.

#..#....#
##.......#
##.....P#.##
.#........#.#
..........##.# # ##
##.##.##..#.#ยง#.#.
#
########.##.#^#S##
.# #.# #.#ss.#.#
#.## #.s@$.#
#(.####ss.##
#.........#
#.#####..## ###
####


You could see 3 jumping spiders, 2 redbacks and a friendly adder.

Vanquished Creatures
  An unseen horror (D:9)
  A swamp dragon (shapeshifter) (D:11)
  2 hill giants
  The ghost of Dwachs the Covert, a novice DEEn of Dithmenos (D:9)
  An elephant (D:11)
  A centaur zombie (D:8)
  2 black mambas
  3 spiny frogs (Lair:1)
  The ghost of Dwachs the Thaumaturge, a novice DEEn of Dithmenos (D:7)
  3 komodo dragons
  A queen bee (D:10)
  A troll (D:11)
  Grinder (D:4)
  3 blink frogs (Lair:2)
  6 hippogriffs
  2 redbacks (Lair:2)
  A shadow (Lab)
  A spriggan (D:11)
  14 yaks
  2 wraiths
  A basilisk (Lair:1)
  Menkaure (D:4)
  5 water moccasins
  7 porcupines
  2 ice beasts
  8 orc warriors
  3 black bears
  7 ogres
  5 sky beasts
  2 necrophages
  2 phantoms
  6 wolves (Lair:2)
  6 crocodiles
  5 centaurs
  A big kobold (D:7)
  7 bullfrogs
  A gnoll sergeant (D:9)
  A wyvern skeleton (D:11)
  2 scorpions
  29 killer bees
  3 howler monkeys
  2 spriggan skeletons (Lab)
  3 crimson imps
  2 quasits
  A centaur skeleton (D:7)
  A hound (D:9)
  3 jellies
  5 orc priests
  A human zombie (Ossuary)
  10 orc wizards
  Crazy Yiuf (D:4)
  3 bullfrog skeletons
  5 iguanas
  15 worker ants
  A hound zombie (D:9)
  A hound skeleton (D:6)
  4 mummies
  2 worker ant zombies (D:8)
  12 adders
  7 gnolls
  2 shadow imps (D:9)
  An ooze (D:7)
  An adder zombie (D:5)
  A worm (D:3)
  An adder skeleton (D:9)
  3 dart slugs
  2 leopard geckos
  63 orcs
  8 bats
  9 giant cockroaches
  17 goblins
  6 hobgoblins
  13 jackals
  6 quokkas
  A ball python (D:7)
  4 frilled lizards
  6 goblin zombies
  2 hobgoblin zombies (Ossuary)
  11 kobolds
  3 kobold zombies (Ossuary)
  2 orc zombies
  A quokka zombie (D:5)
  6 rats
  A fungus (D:4)
401 creatures vanquished.

Vanquished Creatures (collateral kills)
  2 spiny frogs (Lair:1)
  A crocodile (Lair:1)
  A bullfrog (Lair:1)
  A jelly (D:5)
5 creatures vanquished.

Vanquished Creatures (others)
  A minotaur (Lab)
  A plant (Lair:1)
2 creatures vanquished.

Grand Total: 408 creatures vanquished

Notes
Turn   | Place    | Note
-------+----------+-------------------------------------------
     0 | D:1      | LustyBreadMan the Demonspawn Transmuter began the quest for the Orb.
     0 | D:1      | Reached XP level 1. HP: 15/15 MP: 3/3
   426 | D:1      | Reached skill level 3 in Unarmed Combat
   506 | D:1      | Gained mutation: You are partially covered in iridescent scales. (AC +2) [demonic ancestry]
   506 | D:1      | Reached XP level 2. HP: 19/21 MP: 3/5
   708 | D:2      | Reached XP level 3. HP: 8/26 MP: 4/6
   942 | D:2      | Learned a level 2 spell: Sticks to Snakes
  1387 | D:2      | Reached skill level 4 in Unarmed Combat
  1521 | D:2      | Gained mutation: You are mostly covered in iridescent scales. (AC +4) [demonic ancestry]
  1521 | D:2      | Reached XP level 4. HP: 32/32 MP: 5/7
  2537 | D:3      | Found an opulent altar of Gozag.
  2829 | D:3      | Gained mutation: You are partially covered in sharp spines. [demonic ancestry]
  2829 | D:3      | Reached XP level 5. HP: 34/37 MP: 8/8
  2840 | D:3      | Reached skill level 5 in Unarmed Combat
  2897 | D:3      | Found a faded altar of an unknown god.
  2906 | D:3      | Became a worshipper of Gozag Ym Sagoz the Greedy
  3223 | D:4      | Mutation became permanent: You have claws for feet. [demonic ancestry]
  3223 | D:4      | Reached XP level 6. HP: 32/43 MP: 6/9
  3258 | D:4      | Noticed Menkaure
  3263 | D:4      | Noticed Grinder
  3273 | D:4      | Killed Menkaure
  3273 | D:4      | Reached skill level 6 in Unarmed Combat
  3284 | D:4      | Killed Grinder
  3284 | D:4      | Reached XP level 7. HP: 27/48 MP: 0/10
  3549 | D:4      | Reached skill level 7 in Unarmed Combat
  3572 | D:4      | Found a bloodstained altar of Trog.
  3807 | D:4      | Found a staircase to the Ecumenical Temple.
  3998 | D:4      | Found a runed door.
  4002 | D:4      | Noticed Crazy Yiuf
  4009 | D:4      | Killed Crazy Yiuf
  4063 | D:5      | Entered Level 5 of the Dungeon
  4144 | D:5      | HP: 1/48 [acid (11)]
  4634 | D:5      | Reached skill level 8 in Unarmed Combat
  4682 | D:5      | Found a glowing golden altar of the Shining One.
  5112 | D:6      | Reached XP level 8. HP: 43/57 MP: 10/12
  5651 | D:7      | Noticed Dwachs's ghost (novice DEEn)
  5654 | D:7      | Reached skill level 5 in Fighting
  5667 | D:7      | Killed Dwachs's ghost
  5667 | D:7      | Reached skill level 5 in Spellcasting
  5667 | D:7      | Reached XP level 9. HP: 68/69 MP: 15/17
  6084 | D:7      | Found a stormy altar of Qazlal.
  6089 | D:7      | Found a shattered altar of Ashenzari.
  6089 | D:7      | Found a white marble altar of Elyvilon.
  6090 | D:7      | Found a shadowy altar of Dithmenos.
  6167 | D:7      | Noticed a hill giant
  6188 | D:7      | Killed a hill giant
  6728 | D:8      | Found a sand-covered staircase.
  6735 | Ossuary  | Entered an ossuary
  7146 | Ossuary  | Gained mutation: You regenerate slowly when monsters are visible. [potion of mutation]
  7146 | Ossuary  | Gained mutation: You do not regenerate when monsters are visible. [potion of mutation]
  7146 | Ossuary  | Gained mutation: Your spells are a little harder to cast, but a little more powerful. [potion of mutation]
  7273 | D:8      | Reached XP level 10. HP: 40/80 MP: 21/21
  7864 | D:8      | Found a roughly hewn altar of Beogh.
  8577 | D:9      | Noticed Dwachs's ghost (novice DEEn)
  8608 | D:9      | Killed Dwachs's ghost
  9627 | D:9      | Killed an unseen horror
  9749 | D:9      | Reached skill level 9 in Unarmed Combat
 10150 | D:10     | Entered Level 10 of the Dungeon
 10526 | D:10     | Reached XP level 11. HP: 67/90 MP: 24/24
 10569 | D:10     | Reached skill level 10 in Unarmed Combat
 10986 | D:10     | Found a staircase to the Orcish Mines.
 11049 | D:10     | Noticed a hill giant
 11065 | D:10     | Killed a hill giant
 11604 | D:10     | Bought a +3 ring mail of poison resistance for 276 gold pieces
 11679 | D:11     | Noticed a fire crab
 11679 | D:11     | a fire crab changed into a hippogriff
 11681 | D:11     | Noticed a swamp dragon
 11681 | D:11     | a hippogriff changed into a swamp dragon
 11700 | D:11     | Killed a swamp dragon
 11700 | D:11     | Reached skill level 11 in Unarmed Combat
 11850 | D:11     | Found a labyrinth entrance.
 11859 | Lab      | Entered a labyrinth
 12021 | Lab      | Found an exit through the horrors of the Abyss.
 12310 | Lab      | Noticed a minotaur
 12323 | Lab      | Killed a minotaur
 12433 | Lab      | Identified a +6 rod of clouds (9/9) (You found it in a labyrinth)
 12612 | D:11     | Found a staircase to the Lair.
 12630 | D:11     | Reached skill level 1 in Evocations
 13178 | Lair:1   | Entered Level 1 of the Lair of Beasts
 13271 | Lair:1   | Reached skill level 5 in Transmutations
 14432 | Lair:1   | Learned a level 3 spell: Spider Form
 14438 | Lair:1   | Learned a level 5 spell: Blade Hands
 14539 | Lair:1   | Gained mutation: You regenerate a little health from kills. [demonic ancestry]
 14539 | Lair:1   | Reached XP level 12. HP: 27/97 MP: 13/25
 14922 | Lair:1   | Reached skill level 5 in Evocations
 17003 | Lair:2   | HP: 2/97 [jumping spider (3)]
 17007 | Lair:2   | Slain by a redback

Skill      XL: |  1  2  3  4  5  6  7  8  9 10 11 12 |
---------------+-------------------------------------+-----
Unarmed Combat | 3 4 5 6 8 9 11 | 11.1
Transmutations | 2 3 6 8 |  8.0
Fighting       | 2 5 8 9 |  9.6
Spellcasting   | 3 5 7 9 |  9.0
Evocations     | 4 7 |  7.0
Dodging        | |  1.7

Action                   |  1- 3 |  4- 6 |  7- 9 | 10-12 || total
-------------------------+-------+-------+-------+-------++-------
Melee: Unarmed           |   135 |   163 |   374 |   777 ||  1449
       Kick              |    13 |    15 |   128 |   225 ||   381
       Headbutt          |     3 |     4 |    12 |    72 ||    91
       Punch             |     1 |     3 |    17 |    28 ||    49
Throw: Throwing net      |       |       |     1 |       ||     1
 Cast: Beastly Appendage |    15 |    10 |     6 |    35 ||    66
       Sticks to Snakes  |     1 |     6 |     6 |    45 ||    58
Invok: Potion Petition   |       |       |     1 |       ||     1
       Call Merchant     |       |       |       |     2 ||     2
Evoke: Wand              |       |       |     1 |    16 ||    17
       Rod               |       |       |       |     1 ||     1
  Use: Scroll            |     2 |     2 |     8 |     9 ||    21
       Potion            |       |     7 |    10 |     8 ||    25
 Stab: Sleeping          |       |     2 |     2 |       ||     4
       Distracted        |       |     1 |       |     7 ||     8
       Paralysed         |       |       |       |    13 ||    13
  Eat: Chunk             |     2 |     6 |       |       ||     8
       Beef jerky        |       |       |     2 |     1 ||     3
       Bread ration      |       |       |     1 |     6 ||     7
       Meat ration       |       |       |     1 |     1 ||     2
       Fruit             |       |       |       |     2 ||     2
       Pizza             |       |       |       |     1 ||     1
Armor: Robe              |    32 |    49 |    82 |   114 ||   277
       Ring mail         |       |       |       |   106 ||   106
Dodge: Dodged            |    68 |    87 |   142 |   373 ||   670
Block: Other             |       |       |       |    59 ||    59
       Reflection        |       |       |       |     1 ||     1
